 Dungeon Crawl Stone Soup version 0.20.1-1-g8b1a95d (webtiles) character file.

93 ScottishVillain the Charlatan (level 4, 0/32 HPs)
             Began as a Demonspawn Artificer on Dec 29, 2017.
             Was an Initiate of Ru.
             Succumbed to an adder's poison
             ... on level 3 of the Dungeon.
             The game lasted 00:16:09 (1515 turns).

ScottishVillain the Charlatan (DsAr)                Turns: 1515, Time: 00:16:10

Health: 0/32       AC:  4    Str: 13    XL:     4   Next: 37%
Magic:  6/7        EV: 12    Int: 13    God:    Ru [......]
Gold:   96         SH:  0    Dex: 13    Spells: 3/3 levels left

rFire    . . .     SeeInvis .   r - +0 hand axe
rCold    . . .     Gourm    .   (no shield)
rNeg     . . .     Faith    .   b - +0 leather armour
rPois    .         Spirit   .   (no helmet)
rElec    .         Reflect  .   (no cloak)
rCorr    .         Harm     +   k - +0 pair of gloves
MR       .....                  (no boots)
Stlth    +.........             g - amulet of harm
Regen    0.1/turn               (no ring)
MPRegen  0.1/turn               (no ring)

@: lethally poisoned (0 -> -6)
A: talons 1, powered by pain 1
a: Renounce Religion


You were on level 3 of the Dungeon.
You worshipped Ru.
Ru was noncommittal.
You were full.

You visited 1 branch of the dungeon, and saw 3 of its levels.

You collected 96 gold pieces.

Inventory:

Hand Weapons
 a - a +0 short sword
 r - a +0 hand axe (weapon)
Missiles
 l - 60 arrows
 p - 16 sling bullets
Armour
 b - a +0 leather armour (worn)
 k - a +0 pair of gloves (worn)
 n - a +0 naga barding
Jewellery
 g - an amulet of harm (around neck)
Wands
 c - a wand of flame (4/48)
 d - a wand of enslavement (12/24)
 e - a wand of random effects (6/48)
Scrolls
 m - 2 scrolls of amnesia
 q - a scroll of random uselessness {unknown}
Potions
 h - a potion of heal wounds {unknown}
 i - a potion of might {unknown}
 j - a potion of curing {unknown}
 o - a potion of flight {unknown}
Comestibles
 f - 3 bread rations


   Skills:
 + Level 1.4 Fighting
 + Level 1.4 Short Blades
 + Level 0.6 Armour
 + Level 2.2 Dodging
 + Level 1.1 Stealth
 + Level 4.3 Evocations


You had 3 spell levels left.
You didn't know any spells.

Dungeon Overview and Level Annotations

Branches:
Dungeon (3/15)

Altars:
Ashenzari
Cheibriados
Dithmenos
Ru


Innate Abilities, Weirdness & Mutations

You have sharp toenails.
You sometimes gain a little power by taking damage.


Message History

You kill the adder!
You closely miss the orc.
* * * LOW HITPOINT WARNING * * *
You feel sick. The orc hits you with a falchion.
* * * LOW HITPOINT WARNING * * *
A dart slug comes into view.
Okay, then.
* * * LOW HITPOINT WARNING * * *
You feel sick.
* * * LOW HITPOINT WARNING * * *
You feel sick.
* * * LOW HITPOINT WARNING * * *
You feel sick. 2 adders come into view.
* * * LOW HITPOINT WARNING * * *
You feel sick.
* * * LOW HITPOINT WARNING * * *
You feel sick.
Found a leather armour and a falchion.
You die...

..#..##.###. #
.#.......... #.
##.#.###.#### #)
..#.# #.#
#.#######.#.# #.#
#.[....##.#.###.#
...##.##.....#.#
#.##.#.....†#.####
#@.o....w.........
#.#S##....†.#)###.
...#.###....?#...
#.....#
#.#.#######
#.##... #.#.# ..
..#. ..#..
#####S..#######
##.##


You could see 2 adders, a dart slug and an orc.

Vanquished Creatures
  Terence (D:3)
  A gnoll (D:1)
  3 adders
  2 worms (D:2)
  A leopard gecko (D:2)
  2 orcs (D:3)
  3 bats
  A giant cockroach (D:1)
  3 goblins
  3 hobgoblins
  A kobold (D:2)
  A ball python (D:2)
  2 frilled lizards
  3 rats
27 creatures vanquished.

Vanquished Creatures (collateral kills)
  A frilled lizard (D:2)
1 creature vanquished.

Vanquished Creatures (others)
  A giant cockroach (D:1)
1 creature vanquished.

Grand Total: 29 creatures vanquished

Notes
Turn   | Place    | Note
-------+----------+-------------------------------------------
     0 | D:1      | ScottishVillain the Demonspawn Artificer began the quest for the Orb.
     0 | D:1      | Reached XP level 1. HP: 15/15 MP: 3/3
   147 | D:1      | Gained mutation: You sometimes gain a little power by taking damage. [demonic ancestry]
   147 | D:1      | Reached XP level 2. HP: 11/21 MP: 4/4
   352 | D:1      | Reached skill level 1 in Short Blades
   645 | D:2      | Gained mutation: You have sharp toenails. [demonic ancestry]
   645 | D:2      | Reached XP level 3. HP: 18/26 MP: 5/5
   696 | D:2      | Found a sacrificial altar of Ru.
   701 | D:2      | Found a snail-covered altar of Cheibriados.
   713 | D:2      | Found a shadowy altar of Dithmenos.
   716 | D:2      | Found a shattered altar of Ashenzari.
   753 | D:2      | Became a worshipper of Ru the Awakened
   897 | D:2      | Reached skill level 1 in Stealth
  1495 | D:3      | Noticed Terence
  1497 | D:3      | Killed Terence
  1497 | D:3      | Reached skill level 4 in Evocations
  1497 | D:3      | Reached XP level 4. HP: 32/32 MP: 5/7
  1513 | D:3      | HP: 1/32 [poisoned by an adder]
  1515 | D:3      | Succumbed to an adder's poison

Skill      XL: |  1  2  3 |
---------------+----------+-----
Dodging        | 2 |  2.2
Short Blades   | 1 |  1.4
Stealth        | 1 |  1.1
Evocations     | 4 |  4.3
Fighting       | |  1.4
Armour         | |  0.6

Action                   |  1- 3 |  4- 6 || total
-------------------------+-------+-------++-------
Melee: Short sword       |    35 |       ||    35
       Hand axe          |    10 |     3 ||    13
       Kick              |     4 |       ||     4
Evoke: Wand              |    18 |     5 ||    23
  Use: Scroll            |     1 |       ||     1
 Stab: Sleeping          |     1 |       ||     1
  Eat: Meat ration       |     1 |       ||     1
       Chunk             |     1 |       ||     1
Armor: Leather armour    |    12 |     1 ||    13
Dodge: Dodged            |    29 |     5 ||    34
